 Dungeon Crawl Stone Soup version 0.29.0-4-gdea44cf6ec (webtiles) character file.

Game seed: 4635344644036779231

2933 qw the Cleaver (level 9, -2/81 HPs)
             Began as a Minotaur Berserker on Sept 4, 2022.
             Was an Elder of Trog.
             Shot with a sling bullet by Joseph (8 damage)
             ... on level 8 of the Dungeon.
             The game lasted 00:02:09 (7544 turns).

qw the Cleaver (Minotaur Berserker)                 Turns: 7544, Time: 00:02:10

Health: -2/81      AC: 11    Str: 31 (32) XL:     9   Next: 51%
Magic:  8/8        EV: 13    Int:  3 (4)  God:    Trog [****..]
Gold:   533        SH:  0    Dex: 10      Spells: 8/8 levels left

rFire   . . .      SeeInvis .   Y - +0 war axe
rCold   . . .      Faith    .   (no shield)
rNeg    . . .      Spirit   .   g - +0 chain mail
rPois   .          Reflect  .   (helmet restricted)
rElec   .          Harm     .   (no cloak)
rCorr   .          Rampage  .   (no gloves)
Will    .....                   h - +0 pair of boots
Stlth   ..........              (no amulet)
HPRegen 0.23/turn               m - +4 ring of evasion
MPRegen 0.11/turn               a - +6 ring of strength

@: on berserk cooldown, slowed, very slow
A: horns 2, retaliatory headbutt
a: Renounce Religion, Berserk, Trog's Hand, Brothers in Arms


You were on level 8 of the Dungeon.
You worshipped Trog.
Trog was greatly pleased with you.
You visited 1 branch of the dungeon, and saw 8 of its levels.

You collected 533 gold pieces.


Innate Abilities, Weirdness & Mutations

You have a pair of horns on your head.
You reflexively headbutt those who attack you in melee.


   Skills:
 - Level 8.0 Fighting
 - Level 13.0 Axes
 - Level 3.3 Throwing
 - Level 5.0 Armour
 + Level 2.5 Dodging


You had 8 spell levels left.
You didn't know any spells.
Your spell library was empty.

Inventory:

Hand Weapons
 d - a +0 flail
 Y - a +0 war axe (weapon)
Missiles
 q - 5 javelins (quivered)
Armour
 g - a +0 chain mail (worn)
 h - a +0 pair of boots (worn)
Jewellery
 a - a +6 ring of strength (right hand)
 l - a ring of protection from fire
 m - a +4 ring of evasion (left hand)
 n - a ring of protection from fire
Potions
 b - a potion of haste
 c - 3 potions of curing
 e - a potion of cancellation
 f - a potion of heal wounds {unknown}
 i - a potion of berserk rage {unknown}
 j - a potion of brilliance {unknown}
 k - a potion of flight {unknown}
 o - a potion of lignification {unknown}

Dungeon Overview and Level Annotations

Branches:
Dungeon (8/15)             Temple (0/1) D:5
   Lair: D:8-11

Altars:
Ru

Annotations:
D:2 1 runed translucent door, Crazy Yiuf
D:6 2 transporters, qw's ghost, novice FoCA
D:7 2 transporters, qw's ghost, novice GrBe
D:8 Grum; Joseph


Message History

You headbutt the acid dragon!
The acid dragon claws you but does no damage.
You slash the wolf!
You kill the wolf!
Trog accepts your kill.
You miss the electric eel. You slash the acid dragon!
You kill the acid dragon!
Trog accepts your kill.
You slash the orc!
You kill the orc!
Trog accepts your kill.
You can now call in reinforcements.
You hear a splash. x2
Your Fighting skill increases to level 8!
Your unstable footing causes you to fumble your attack.
You slice the electric eel!!
You kill the electric eel!
Trog accepts your kill.
You hear a splash.
You hit the orc warrior but do no damage.
Joseph shoots a sling bullet.
The sling bullet misses you.
You closely miss the orc warrior.
An orc comes into view. It is wielding a +0 dagger.
You slash the orc warrior! You headbutt the orc warrior.
The orc warrior is severely wounded.
You are no longer berserk.
You are exhausted.
You feel yourself slow down. The orc warrior closely misses you.
Joseph shoots a sling bullet.
The sling bullet hits you!
You closely miss the orc warrior.
The orc warrior is severely wounded.
The orc warrior hits you with a +2 scimitar of freezing!
The orc warrior freezes you.
Joseph shoots a sling bullet.
The sling bullet barely misses you.
An orc warrior comes into view. It is wielding a +0 scimitar.
The orc warrior shouts!
Your unstable footing causes you to fumble your attack.
The orc warrior hits you with a +2 scimitar of freezing!
The orc warrior freezes you.
Joseph shoots a sling bullet.
The sling bullet hits you!
You die...

.####### .###....
..............o
.....#
~~~~~~..~~.....
.#####
~~~PP~~PP7~.o~.
.####
7P~~P~P~~~P~~~P~~
....#
#~~~~~~~~~@~o~P~7
....#
#~7~P~P~~~~g~~~#
#...#
###.777~~))~~~~7#
##.##
........%@o~~~~P#
#.#
#......777777##
#.# ###...#.#
##.####.# #...#.#
........# ##.##.#
##.######
###.##.##.# #.#
#.......... #.#
#.####.#### #.#
#.# .#


You could see Joseph, Grum, 2 orc warriors and 2 orcs.

Vanquished Creatures
  The ghost of qw the Chopper, a novice GrBe of Trog (D:5)
  Grinder (D:5)
  Eustachio (D:4)
  Edmund (D:5)
  An acid dragon (D:8)
  4 black bears
  An orc warrior (D:5)
  2 ogres
  2 wolves (D:8)
  A centaur (D:5)
  A scorpion (D:7)
  A bullfrog (D:7)
  3 necrophages
  3 electric eels (D:8)
  A hound (D:7)
  2 jellies
  2 orc priests (D:3)
  A gnoll bouda (D:7)
  Terence (D:2)
  6 iguanas
  8 orc wizards
  9 gnolls
  4 adders
  3 river rats (D:6)
  3 worms
  3 dart slugs (D:1)
  18 orcs
  9 endoplasms
  7 giant cockroaches
  6 goblins
  9 hobgoblins
  10 jackals
  3 kobolds
  A quokka (D:3)
  4 ball pythons
  5 bats
  2 frilled lizards
  10 rats
150 creatures vanquished.

Vanquished Creatures (others)
  11 plants
11 creatures vanquished.

Grand Total: 161 creatures vanquished

Notes
Turn   | Place    | Note
-------+----------+-------------------------------------------
     0 | D:1      | qw the Minotaur Berserker began the quest for the Orb.
     0 | D:1      | Reached XP level 1. HP: 19/19 MP: 0/0
     0 | D:1      | 0 ||| qw: Version: 0.1-a-103-gd6f5d3a
     0 | D:1      | 0 ||| qw: Game counter: 5613
     0 | D:1      | 0 ||| qw: Always use a shield: true
     0 | D:1      | 0 ||| qw: Do Orc after D:15 true
     0 | D:1      | 0 ||| qw: Do second Lair branch before Depths: true
     0 | D:1      | 0 ||| qw: Lair rune preference: random
     0 | D:1      | 0 ||| qw: Plans: Normal
     0 | D:1      | 0 ||| PLANNING D:1-11
    34 | D:1      | 34 ||| Stepping ~*~*~tactically~*~*~ (stealth).
    36 | D:1      | 36 ||| Stepping ~*~*~tactically~*~*~ (stealth).
    39 | D:1      | 39 ||| Stepping ~*~*~tactically~*~*~ (stealth).
    42 | D:1      | 42 ||| Stepping ~*~*~tactically~*~*~ (stealth).
    65 | D:1      | 65 ||| Stepping ~*~*~tactically~*~*~ (hiding).
   167 | D:1      | 167 ||| Stepping ~*~*~tactically~*~*~ (hiding).
   180 | D:1      | Reached skill level 4 in Axes
   460 | D:1      | Reached XP level 2. HP: 26/26 MP: 1/1
   478 | D:1      | 478 ||| INVOKING Berserk.
   857 | D:1      | Reached skill level 5 in Axes
   865 | D:1      | 865 ||| Stepping ~*~*~tactically~*~*~ (hiding).
   948 | D:1      | Reached XP level 3. HP: 31/31 MP: 2/2
  1085 | D:1      | Found a faded altar of an unknown god.
  1100 | D:1      | 1100 ||| SWAPPING to +0 war axe.
  1108 | D:1      | 1108 ||| DROPPING +0 hand axe.
  1148 | D:1      | 1148 ||| DROPPING +0 mace.
  1288 | D:1      | Reached ** piety under Trog
  1500 | D:1      | 1500 ||| UPGRADING to +0 ring mail.
  1510 | D:1      | 1510 ||| DROPPING +0 animal skin.
  1511 | D:1      | 1511 ||| UPGRADING to +0 pair of boots.
  1516 | D:1      | 1516 ||| UPGRADING to +6 ring of dexterity.
  1517 | D:1      | 1517 ||| READING scroll labelled NEOFAWN POST.
  1518 | D:1      | 1518 ||| READING scroll labelled GAKKAECOVU.
  1519 | D:1      | 1519 ||| READING scroll labelled LIMU MAITENERIET.
  1520 | D:1      | 1520 ||| DRINKING 2 fizzy inky potions.
  1521 | D:1      | 1521 ||| DRINKING 2 brown potions.
  1522 | D:1      | 1522 ||| DROPPING potion of attraction.
  1604 | D:2      | 1604 ||| INVOKING Berserk.
  1606 | D:2      | Reached skill level 6 in Axes
  1606 | D:2      | Reached XP level 4. HP: 39/39 MP: 3/3
  1693 | D:2      | 1693 ||| Stepping ~*~*~tactically~*~*~ (stealth).
  1759 | D:2      | Noticed Terence
  1760 | D:2      | 1760 ||| Stepping ~*~*~tactically~*~*~ (hiding).
  1761 | D:2      | 1761 ||| Stepping ~*~*~tactically~*~*~ (hiding).
  1765 | D:2      | 1765 ||| INVOKING Berserk.
  1770 | D:2      | Killed Terence
  1772 | D:2      | HP: 12/58 [frozen (5)]
  1787 | D:2      | 1787 ||| Stepping ~*~*~tactically~*~*~ (stealth).
  1789 | D:2      | 1789 ||| Stepping ~*~*~tactically~*~*~ (stealth).
  1790 | D:2      | 1790 ||| FLEEEEING.
  1849 | D:2      | 1849 ||| FLEEEEING.
  1852 | D:2      | 1852 ||| STAIRDANCE
  2005 | D:1      | 2005 ||| READING scroll labelled NUCVAH PIYQ.
  2218 | D:2      | Found a runed translucent door.
  2219 | D:2      | Noticed Crazy Yiuf
  2359 | D:2      | 2359 ||| DROPPING scarf of harm.
  2360 | D:2      | 2360 ||| UPGRADING to +0 scale mail.
  2370 | D:2      | 2370 ||| DROPPING +0 ring mail.
  2412 | D:3      | 2412 ||| STAIRDANCE
  2499 | D:3      | Reached XP level 5. HP: 44/45 MP: 4/4
  2500 | D:3      | 2500 ||| INVOKING Berserk.
  2504 | D:3      | Reached skill level 7 in Axes
  2524 | D:3      | 2524 ||| FLEEEEING.
  2526 | D:3      | 2526 ||| STAIRDANCE
  2751 | D:3      | 2751 ||| INVOKING Berserk.
  2943 | D:3      | 2943 ||| Stepping ~*~*~tactically~*~*~ (stealth).
  2944 | D:3      | 2944 ||| INVOKING Berserk.
  2950 | D:3      | Reached XP level 6. HP: 52/52 MP: 5/5
  3082 | D:3      | 3082 ||| DROPPING +2 whip of venom.
  3200 | D:3      | Found a sacrificial altar of Ru.
  3512 | D:3      | 3512 ||| UPGRADING to ring of protection from fire.
  3513 | D:3      | 3513 ||| READING scroll labelled UNINLEZ EHOI.
  3556 | D:4      | 3556 ||| Stepping ~*~*~tactically~*~*~ (stealth).
  3646 | D:4      | Reached *** piety under Trog
  3706 | D:4      | Reached skill level 1 in Throwing
  3862 | D:4      | Reached skill level 8 in Axes
  4116 | D:4      | Noticed Eustachio
  4117 | D:4      | 4117 ||| Stepping ~*~*~tactically~*~*~ (stealth).
  4120 | D:4      | 4120 ||| INVOKING Berserk.
  4134 | D:4      | Killed Eustachio
  4135 | D:4      | Reached skill level 9 in Axes
  4135 | D:4      | Reached XP level 7. HP: 51/59 MP: 6/6
  4327 | D:4      | 4327 ||| DROPPING amulet of magic regeneration.
  4328 | D:4      | 4328 ||| UPGRADING to +6 ring of strength.
  4330 | D:4      | 4330 ||| READING 2 scrolls labelled RYRAFYAGEXA.
  4331 | D:4      | 4331 ||| DROPPING scroll of immolation.
  4361 | D:5      | Entered Level 5 of the Dungeon
  4365 | D:5      | 4365 ||| STAIRDANCE
  4397 | D:5      | 4397 ||| INVOKING Berserk.
  4416 | D:5      | 4416 ||| STAIRDANCE
  4520 | D:5      | Found a staircase to the Ecumenical Temple.
  4539 | D:5      | Noticed Edmund
  4543 | D:5      | 4543 ||| INVOKING Berserk.
  4549 | D:5      | Killed Edmund
  4624 | D:5      | 4624 ||| FLEEEEING.
  4629 | D:5      | 4629 ||| STAIRDANCE
  4673 | D:5      | Reached skill level 10 in Axes
  4818 | D:5      | Noticed Grinder
  4819 | D:5      | 4819 ||| INVOKING Trog's Hand.
  4822 | D:5      | 4822 ||| INVOKING Berserk.
  4829 | D:5      | Killed Grinder
  4830 | D:5      | Reached skill level 6 in Fighting
  4830 | D:5      | Reached XP level 8. HP: 71/71 MP: 7/7
  4951 | D:5      | 4951 ||| INVOKING Berserk.
  5040 | D:5      | Found a runed translucent gate.
  5040 | D:5      | Found a runed translucent gate.
  5041 | D:5      | Found a runed translucent gate.
  5042 | D:5      | Noticed qw's ghost (novice GrBe)
  5175 | D:5      | 5175 ||| UPGRADING to +0 chain mail.
  5185 | D:5      | 5185 ||| DROPPING +0 scale mail.
  5186 | D:5      | 5186 ||| DROPPING ring of ice.
  5187 | D:5      | 5187 ||| UPGRADING to +4 ring of evasion.
  5189 | D:5      | 5189 ||| DROPPING +6 ring of dexterity.
  5190 | D:5      | 5190 ||| UPGRADING to +6 ring of strength.
  5192 | D:5      | 5192 ||| READING scroll labelled WAOBAYGOUQ.
  5350 | D:5      | 5350 ||| READING scroll labelled LOCSE NOKHLA.
  5351 | D:5      | 5351 ||| Stepping randomly (stuck).
  5355 | D:5      | 5355 ||| INVOKING Berserk.
  5357 | D:5      | Reached skill level 3 in Armour
  5360 | D:5      | Killed qw's ghost
  5361 | D:5      | Reached skill level 11 in Axes
  5489 | D:6      | 5489 ||| PLANNING SEWER
  5495 | D:6      | 5495 ||| Stepping ~*~*~tactically~*~*~ (stealth).
  5497 | D:6      | 5497 ||| Stepping ~*~*~tactically~*~*~ (hiding).
  5575 | D:6      | Found a transporter.
  5576 | D:6      | Noticed qw's ghost (novice FoCA)
  5610 | D:6      | Found a transporter.
  5940 | D:6      | 5940 ||| INVOKING Berserk.
  6036 | D:6      | 6036 ||| Stepping ~*~*~tactically~*~*~ (stealth).
  6038 | D:6      | 6038 ||| Stepping ~*~*~tactically~*~*~ (stealth).
  6039 | D:6      | 6039 ||| Stepping ~*~*~tactically~*~*~ (stealth).
  6040 | D:6      | 6040 ||| INVOKING Berserk.
  6043 | D:6      | Reached skill level 12 in Axes
  6258 | D:6      | 6258 ||| RIP SEWER
  6266 | D:6      | 6266 ||| PLANNING D:1-11
  6294 | D:6      | Reached XP level 9. HP: 79/79 MP: 8/8
  6306 | D:6      | 6306 ||| Stepping ~*~*~tactically~*~*~ (water).
  6308 | D:6      | 6308 ||| READING scroll labelled MONGIO MUEPT.
  6309 | D:6      | 6309 ||| READING scroll labelled SATWIC KUKYZU.
  6410 | D:6      | 6410 ||| DRINKING 2 fuming green potions.
  6411 | D:6      | 6411 ||| DRINKING 2 yellow potions.
  6412 | D:6      | 6412 ||| DRINKING 2 blue potions.
  6513 | D:6      | 6513 ||| DROPPING potion of degeneration.
  6514 | D:6      | 6514 ||| DROPPING potion of ambrosia.
  6536 | D:7      | 6536 ||| Stepping ~*~*~tactically~*~*~ (hiding).
  6546 | D:7      | 6546 ||| Stepping ~*~*~tactically~*~*~ (stealth).
  6547 | D:7      | 6547 ||| STAIRDANCE
  6578 | D:7      | 6578 ||| Stepping ~*~*~tactically~*~*~ (stealth).
  6580 | D:7      | 6580 ||| INVOKING Berserk.
  6605 | D:7      | 6605 ||| Stepping ~*~*~tactically~*~*~ (stealth).
  6607 | D:7      | 6607 ||| Stepping ~*~*~tactically~*~*~ (stealth).
  6608 | D:7      | 6608 ||| Stepping ~*~*~tactically~*~*~ (stealth).
  6610 | D:7      | 6610 ||| Stepping ~*~*~tactically~*~*~ (stealth).
  6690 | D:7      | 6690 ||| INVOKING Berserk.
  6901 | D:7      | 6901 ||| INVOKING Berserk.
  6905 | D:7      | Reached skill level 13 in Axes
  7034 | D:7      | 7034 ||| Stepping ~*~*~tactically~*~*~ (stealth).
  7069 | D:7      | Noticed qw's ghost (novice GrBe)
  7070 | D:7      | Identified the +3 dire flail "Hatis" {speed, Str-3 Dex+6}
  7070 | D:7      | Noticed a two-headed ogre
  7071 | D:7      | Found a transporter.
  7085 | D:7      | Found a transporter.
  7418 | D:7      | 7418 ||| READING scroll labelled EQULAC JOKU.
  7419 | D:7      | 7419 ||| READING scroll labelled GOPUEBRACU.
  7518 | D:8      | 7518 ||| Stepping ~*~*~tactically~*~*~ (hiding).
  7519 | D:8      | Noticed Joseph
  7522 | D:8      | 7522 ||| INVOKING Berserk.
  7531 | D:8      | Noticed Grum
  7533 | D:8      | Reached skill level 3 in Throwing
  7538 | D:8      | Reached **** piety under Trog
  7544 | D:8      | HP: 12/81 [orc warrior/+2 scimitar of freezing (11)]
  7544 | D:8      | Shot with a sling bullet by Joseph

Levels and vault maps discovered:
D:1:      spicycebolla_arrival_clurvy, layout_loops_ring,
          shapermc_ecumenical_altar_flowoftime, serial_forest,
          infiniplex_forest_lined_3, infiniplex_forest_zigzag_2,
          infiniplex_forest_zigzag_1, infiniplex_forest_clump_long,
          infiniplex_forest_lined_2, infiniplex_forest_clump_C,
          infiniplex_forest_straight_1, infiniplex_forest_end_1,
          infiniplex_forest_lined_3, minmay_three_crescents
D:2:      layout_rooms, uniq_crazy_yiuf_cottage, uniq_terence
D:3:      layout_basic, mainiacjoe_overflow_boulevard
D:4:      layout_gridville, uniq_eustachio
D:5:      layout_rooms, minmay_temple_entry_statues_pillars,
          gammafunk_ghost_split, uniq_edmund, uniq_grinder
D:6:      layout_basic, gammafunk_ghost_stat_death, portal_sewer_entry_e
D:7:      layout_basic, gammafunk_ghost_smash, due_unseen_surprise
D:8:      layout_loops_ring, serial_bayou, serial_bayou_ford_a,
          serial_bayou_crossing, serial_bayou_shore_a, serial_bayou_lagoon_b,
          uniq_grum, uniq_joseph

Skill      XL: |  1  2  3  4  5  6  7  8  9 |
---------------+----------------------------+-----
Axes           | 4 5 6 7 9 10 12 13 | 13.0
Fighting       | 4 6 7 8 |  8.0
Throwing       | 1 2 3 |  3.3
Armour         | 4 5 |  5.0
Dodging        | |  2.5

Action                   |  1- 3 |  4- 6 |  7- 9 || total
-------------------------+-------+-------+-------++-------
Melee: Hand axe          |    47 |       |       ||    47
       Headbutt          |    12 |    11 |    24 ||    47
       Punch             |     3 |     1 |     1 ||     5
       War axe           |    11 |    91 |   133 ||   235
Throw: Javelin           |       |    18 |    26 ||    44
Invok: Berserk           |     2 |     5 |    11 ||    18
       Trog's Hand       |       |       |     1 ||     1
  Use: Scroll            |     3 |     2 |     7 ||    12
       Potion            |     2 |       |     3 ||     5
Armor: Animal skin       |    10 |       |       ||    10
       Ring mail         |     1 |     6 |       ||     7
       Scale mail        |       |    21 |    17 ||    38
       Chain mail        |       |       |    21 ||    21
Dodge: Dodged            |    20 |    35 |    72 ||   127

Table legend:
 A = Non-vault XP
 B = Vault XP
 C = Vault XP percentage of total XP
 D = Non-vault monster count
 E = Vault monster count
 F = Vault count percentage of total count
                 A         B        C        D         E       F
            +---------+---------+-------+---------+---------+-------
      Total |    2740 |    1451 |  34.6 |     126 |      24 |  16.0
            +---------+---------+-------+---------+---------+-------
        D:1 |      38 |      11 |  22.4 |      20 |       6 |  23.1
        D:2 |      95 |      36 |  27.5 |      21 |       1 |   4.5
        D:3 |     226 |       0 |   0.0 |      23 |       0 |   0.0
        D:4 |     197 |     203 |  50.8 |      15 |       1 |   6.2
        D:5 |     577 |     920 |  61.5 |      11 |       6 |  35.3
        D:6 |     548 |      49 |   8.2 |       9 |       8 |  47.1
        D:7 |     698 |       0 |   0.0 |      20 |       0 |   0.0
        D:8 |     361 |     232 |  39.1 |       7 |       2 |  22.2
            +---------+---------+-------+---------+---------+-------
